Workbook

Sheet Level 3
F2: Legend
F3: Blue = Input
F4: Black = Output/Calculation
F5: New to Level 3
F6: Analysis Start Date | G6: 44197
B7: APPRAISAL | M7: CASH FLOW
B9: Accommodation Schedule | G9: Accommodation Schedule (Part V)
P10: ='Level 3'!G6 -> 44197 | Q10: =EDATE(P10,1) -> 44228 | R10: =EDATE(Q10,1) -> 44256 | S10: =EDATE(R10,1) -> 44287 | T10: =EDATE(S10,1) -> 44317 | U10: =EDATE(T10,1) -> 44348 | V10: =EDATE(U10,1) -> 44378 | W10: =EDATE(V10,1) -> 44409 | X10: =EDATE(W10,1) -> 44440 | ... EF10: =EDATE(EE10,1) -> 47849
B11: Apartment Type | C11: # units | D11: Rent p/m | E11: Sqft NIA | G11: Apartment Type | H11: # units | I11: Rent p/m | J11: Sqft NIA | N11: Total
B12: Studio | C12: 67 | D12: 1500 | E12: 450 | G12: Studio | H12: 8 | I12: =D12*(1-$H$19) -> 1200 | J12: =E12 -> 450 | M12: ='Level 3'!B21 -> Purchase Price | N12: =SUM(P12:EF12) -> -25000000 | P12: =-'Level 3'!D21 -> -25000000
B13: 1 Bed Apart. | C13: 136 | D13: 1800 | E13: 550 | G13: 1 Bed Apart. | H13: 14 | I13: =D13*(1-$H$19) -> 1440 | J13: =E13 -> 550 | M13: ='Level 3'!B22 -> Stamp Duty | N13: =SUM(P13:EF13) -> -1250000 | P13: =-'Level 3'!D22 -> -1250000
B14: 2 Bed Apart. | C14: 107 | D14: 2400 | E14: 750 | G14: 2 Bed Apart. | H14: 13 | I14: =D14*(1-$H$19) -> 1920 | J14: =E14 -> 750 | M14: ='Level 3'!B23 -> Legal | N14: =SUM(P14:EF14) -> -50000 | P14: =-'Level 3'!D23 -> -50000
B15: 3 Bed Apart. | C15: 23 | D15: 3000 | E15: 1000 | G15: 3 Bed Apart. | H15: 2 | I15: =D15*(1-$H$19) -> 2400 | J15: =E15 -> 1000 | M15: ='Level 3'!B24 -> Due Diligence | N15: =SUM(P15:EF15) -> -50000 | P15: =-'Level 3'!D24 -> -50000
B16: Total | C16: =SUM(C12:C15) -> 333 | D16: =SUMPRODUCT(D12:D15,$C$12:$C$15) -> 671100 | E16: =SUMPRODUCT(E12:E15,$C$12:$C$15) -> 208200 | G16: Total | H16: =SUM(H12:H15) -> 37 | I16: =SUMPRODUCT(I12:I15,$H$12:$H$15) -> 59520 | J16: =SUMPRODUCT(J12:J15,$H$12:$H$15) -> 23050
M17: Hard Build Costs | N17: =SUM(P17:EF17) -> -55000000 | P17: =IF(AND(P$10>=$D$28,P$10<$D$30),-$D$39*(NORMDIST(DATEDIF($D$28,P10,"m")+1,$C$34,$C$35,1)-NORMSDIST(-$C$33))/(NORMSDIST($C$33)-NORMSDIST(-$C$33))-SUM($O$17:O17),0) -> 0 | Q17: =IF(AND(Q$10>=$D$28,Q$10<$D$30),-$D$39*(NORMDIST(DATEDIF($D$28,Q10,"m")+1,$C$34,$C$35,1)-NORMSDIST(-$C$33))/(NORMSDIST($C$33)-NORMSDIST(-$C$33))-SUM($O$17:P17),0) -> 0 | R17: =IF(AND(R$10>=$D$28,R$10<$D$30),-$D$39*(NORMDIST(DATEDIF($D$28,R10,"m")+1,$C$34,$C$35,1)-NORMSDIST(-$C$33))/(NORMSDIST($C$33)-NORMSDIST(-$C$33))-SUM($O$17:Q17),0) -> -136795.86 | S17: =IF(AND(S$10>=$D$28,S$10<$D$30),-$D$39*(NORMDIST(DATEDIF($D$28,S10,"m")+1,$C$34,$C$35,1)-NORMSDIST(-$C$33))/(NORMSDIST($C$33)-NORMSDIST(-$C$33))-SUM($O$17:R17),0) -> -330063.25 | T17: =IF(AND(T$10>=$D$28,T$10<$D$30),-$D$39*(NORMDIST(DATEDIF($D$28,T10,"m")+1,$C$34,$C$35,1)-NORMSDIST(-$C$33))/(NORMSDIST($C$33)-NORMSDIST(-$C$33))-SUM($O$17:S17),0) -> -713340.06 | U17: =IF(AND(U$10>=$D$28,U$10<$D$30),-$D$39*(NORMDIST(DATEDIF($D$28,U10,"m")+1,$C$34,$C$35,1)-NORMSDIST(-$C$33))/(NORMSDIST($C$33)-NORMSDIST(-$C$33))-SUM($O$17:T17),0) -> -1380940.4 | V17: =IF(AND(V$10>=$D$28,V$10<$D$30),-$D$39*(NORMDIST(DATEDIF($D$28,V10,"m")+1,$C$34,$C$35,1)-NORMSDIST(-$C$33))/(NORMSDIST($C$33)-NORMSDIST(-$C$33))-SUM($O$17:U17),0) -> -2394612.7 | W17: =IF(AND(W$10>=$D$28,W$10<$D$30),-$D$39*(NORMDIST(DATEDIF($D$28,W10,"m")+1,$C$34,$C$35,1)-NORMSDIST(-$C$33))/(NORMSDIST($C$33)-NORMSDIST(-$C$33))-SUM($O$17:V17),0) -> -3719463.7 | ... EF17: =IF(AND(EF$10>=$D$28,EF$10<$D$30),-$D$39*(NORMDIST(DATEDIF($D$28,EF10,"m")+1,$C$34,$C$35,1)-NORMSDIST(-$C$33))/(NORMSDIST($C$33)-NORMSDIST(-$C$33))-SUM($O$17:EE17),0) -> 0
B18: Costs | G18: Method of Disposal | H18: Sale on PC | M18: Soft Build Costs | N18: =SUM(P18:EF18) -> -5500000 | P18: =P17*$C$40 -> 0 | Q18: =Q17*$C$40 -> 0 | R18: =R17*$C$40 -> -13679.586 | S18: =S17*$C$40 -> -33006.325 | T18: =T17*$C$40 -> -71334.006 | U18: =U17*$C$40 -> -138094.04 | V18: =V17*$C$40 -> -239461.27 | W18: =W17*$C$40 -> -371946.37 | ... EF18: =EF17*$C$40 -> 0
G19: Discount on rent | H19: 0.2
B20: Purchase Costs | G20: Cap value psft | H20: 400 | M20: Rental Income | N20: =SUM(P20:EF20) -> 40266000 | P20: =IF(AND(P10>=$D$30,P10<EDATE($D$30,$I$31*12)),$I$25/12,0) -> 0 | Q20: =IF(AND(Q10>=$D$30,Q10<EDATE($D$30,$I$31*12)),$I$25/12,0) -> 0 | R20: =IF(AND(R10>=$D$30,R10<EDATE($D$30,$I$31*12)),$I$25/12,0) -> 0 | S20: =IF(AND(S10>=$D$30,S10<EDATE($D$30,$I$31*12)),$I$25/12,0) -> 0 | T20: =IF(AND(T10>=$D$30,T10<EDATE($D$30,$I$31*12)),$I$25/12,0) -> 0 | U20: =IF(AND(U10>=$D$30,U10<EDATE($D$30,$I$31*12)),$I$25/12,0) -> 0 | V20: =IF(AND(V10>=$D$30,V10<EDATE($D$30,$I$31*12)),$I$25/12,0) -> 0 | W20: =IF(AND(W10>=$D$30,W10<EDATE($D$30,$I$31*12)),$I$25/12,0) -> 0 | ... EF20: =IF(AND(EF10>=$D$30,EF10<EDATE($D$30,$I$31*12)),$I$25/12,0) -> 0
B21: Purchase Price | D21: 25000000 | M21: Management Cost | N21: =SUM(P21:EF21) -> -10066500 | P21: =P20*-$H$26 -> 0 | Q21: =Q20*-$H$26 -> 0 | R21: =R20*-$H$26 -> 0 | S21: =S20*-$H$26 -> 0 | T21: =T20*-$H$26 -> 0 | U21: =U20*-$H$26 -> 0 | V21: =V20*-$H$26 -> 0 | W21: =W20*-$H$26 -> 0 | ... EF21: =EF20*-$H$26 -> 0
B22: Stamp Duty | C22: 0.05 | D22: =D21*C22 -> 1250000
B23: Legal | D23: 50000 | G23: Operational Income
B24: Due Diligence | D24: 50000 | M24: Part V Sale | N24: =SUM(P24:EF24) -> 9220000 | P24: =IF(AND(P10=$D$30,$H$18="Sale on PC"),$I$48,0) -> 0 | Q24: =IF(AND(Q10=$D$30,$H$18="Sale on PC"),$I$48,0) -> 0 | R24: =IF(AND(R10=$D$30,$H$18="Sale on PC"),$I$48,0) -> 0 | S24: =IF(AND(S10=$D$30,$H$18="Sale on PC"),$I$48,0) -> 0 | T24: =IF(AND(T10=$D$30,$H$18="Sale on PC"),$I$48,0) -> 0 | U24: =IF(AND(U10=$D$30,$H$18="Sale on PC"),$I$48,0) -> 0 | V24: =IF(AND(V10=$D$30,$H$18="Sale on PC"),$I$48,0) -> 0 | W24: =IF(AND(W10=$D$30,$H$18="Sale on PC"),$I$48,0) -> 0 | ... EF24: =IF(AND(EF10=$D$30,$H$18="Sale on PC"),$I$48,0) -> 0
B25: Total Purchase Cost | E25: =SUM(D21:D24) -> 26350000 | G25: Rental Income p/a | I25: =D16*12+(H18="Lease with Council")*I16*12 -> 8053200 | M25: Sale | N25: =SUM(P25:EF25) -> 120798000 | P25: =(P10=$H$47)*$I$51 -> 0 | Q25: =(Q10=$H$47)*$I$51 -> 0 | R25: =(R10=$H$47)*$I$51 -> 0 | S25: =(S10=$H$47)*$I$51 -> 0 | T25: =(T10=$H$47)*$I$51 -> 0 | U25: =(U10=$H$47)*$I$51 -> 0 | V25: =(V10=$H$47)*$I$51 -> 0 | W25: =(W10=$H$47)*$I$51 -> 0 | ... EF25: =(EF10=$H$47)*$I$51 -> 0
G26: Management Cost | H26: 0.25 | I26: =I25*H26 -> 2013300 | M26: Sales Cost | N26: =SUM(P26:EF26) -> -2600360 | P26: =SUM(P24:P25)*-$H$52 -> 0 | Q26: =SUM(Q24:Q25)*-$H$52 -> 0 | R26: =SUM(R24:R25)*-$H$52 -> 0 | S26: =SUM(S24:S25)*-$H$52 -> 0 | T26: =SUM(T24:T25)*-$H$52 -> 0 | U26: =SUM(U24:U25)*-$H$52 -> 0 | V26: =SUM(V24:V25)*-$H$52 -> 0 | W26: =SUM(W24:W25)*-$H$52 -> 0 | ... EF26: =SUM(EF24:EF25)*-$H$52 -> 0
B27: Build GIA | D27: 275000 | G27: NOI p/a | I27: =I25-I26 -> 6039900
B28: Build Start Date | D28: 44256 | M28: Cash flow before finance | N28: =SUM(N12:N27) -> 70767140 | P28: =SUM(P12:P27) -> -26350000 | Q28: =SUM(Q12:Q27) -> 0 | R28: =SUM(R12:R27) -> -150475.45 | S28: =SUM(S12:S27) -> -363069.57 | T28: =SUM(T12:T27) -> -784674.06 | U28: =SUM(U12:U27) -> -1519034.4 | V28: =SUM(V12:V27) -> -2634073.9 | W28: =SUM(W12:W27) -> -4091410 | ... EF28: =SUM(EF12:EF27) -> 0
B29: Build program | D29: 18 | G29: Yield on Cost
B30: PC | D30: =EDATE(D28,D29) -> 44805 | M30: Investment Finance
G31: Years held after PC | I31: 5 | M31: Investment Finance Drawdown | P31: =(P10=$D$30)*$I$36 -> 0 | Q31: =(Q10=$D$30)*$I$36 -> 0 | R31: =(R10=$D$30)*$I$36 -> 0 | S31: =(S10=$D$30)*$I$36 -> 0 | T31: =(T10=$D$30)*$I$36 -> 0 | U31: =(U10=$D$30)*$I$36 -> 0 | V31: =(V10=$D$30)*$I$36 -> 0 | W31: =(W10=$D$30)*$I$36 -> 0 | ... EF31: =(EF10=$D$30)*$I$36 -> 0
B32: Constrction Cost S-Curve | G32: Total Income from Operations | J32: =I31*I27 -> 30199500 | M32: Beginning Balance | P32: =P31+O36 -> 0 | Q32: =Q31+P36 -> 0 | R32: =R31+Q36 -> 0 | S32: =S31+R36 -> 0 | T32: =T31+S36 -> 0 | U32: =U31+T36 -> 0 | V32: =V31+U36 -> 0 | W32: =W31+V36 -> 0 | ... EF32: =EF31+EE36 -> 0
B33: Max Z | C33: 3 | M33: Payment | P33: =IF(P10=$H$47,P32+P32*((1+$H$37)^(1/12)-1),(P32>0)*-PMT($H$37/12,$H$38*12,$I$36)) -> 0 | Q33: =IF(Q10=$H$47,Q32+Q32*((1+$H$37)^(1/12)-1),(Q32>0)*-PMT($H$37/12,$H$38*12,$I$36)) -> 0 | R33: =IF(R10=$H$47,R32+R32*((1+$H$37)^(1/12)-1),(R32>0)*-PMT($H$37/12,$H$38*12,$I$36)) -> 0 | S33: =IF(S10=$H$47,S32+S32*((1+$H$37)^(1/12)-1),(S32>0)*-PMT($H$37/12,$H$38*12,$I$36)) -> 0 | T33: =IF(T10=$H$47,T32+T32*((1+$H$37)^(1/12)-1),(T32>0)*-PMT($H$37/12,$H$38*12,$I$36)) -> 0 | U33: =IF(U10=$H$47,U32+U32*((1+$H$37)^(1/12)-1),(U32>0)*-PMT($H$37/12,$H$38*12,$I$36)) -> 0 | V33: =IF(V10=$H$47,V32+V32*((1+$H$37)^(1/12)-1),(V32>0)*-PMT($H$37/12,$H$38*12,$I$36)) -> 0 | W33: =IF(W10=$H$47,W32+W32*((1+$H$37)^(1/12)-1),(W32>0)*-PMT($H$37/12,$H$38*12,$I$36)) -> 0 | ... EF33: =IF(EF10=$H$47,EF32+EF32*((1+$H$37)^(1/12)-1),(EF32>0)*-PMT($H$37/12,$H$38*12,$I$36)) -> 0
B34: Mean | C34: =D29/2 -> 9 | G34: Investment Finance | M34: Interest | N34: =SUM(P34:EF34) -> 7140540.8 | P34: =P32*((1+$H$37)^(1/12)-1) -> 0 | Q34: =Q32*((1+$H$37)^(1/12)-1) -> 0 | R34: =R32*((1+$H$37)^(1/12)-1) -> 0 | S34: =S32*((1+$H$37)^(1/12)-1) -> 0 | T34: =T32*((1+$H$37)^(1/12)-1) -> 0 | U34: =U32*((1+$H$37)^(1/12)-1) -> 0 | V34: =V32*((1+$H$37)^(1/12)-1) -> 0 | W34: =W32*((1+$H$37)^(1/12)-1) -> 0 | ... EF34: =EF32*((1+$H$37)^(1/12)-1) -> 0
B35: Standard Deviation | C35: =C34/C33 -> 3 | M35: Capital Payment | P35: =P33-P34 -> 0 | Q35: =Q33-Q34 -> 0 | R35: =R33-R34 -> 0 | S35: =S33-S34 -> 0 | T35: =T33-T34 -> 0 | U35: =U33-U34 -> 0 | V35: =V33-V34 -> 0 | W35: =W33-W34 -> 0 | ... EF35: =EF33-EF34 -> 0
G36: Loan to value | H36: 0.5 | I36: =H36*I51 -> 60399000 | M36: Ending Balance | P36: =P32-P35 -> 0 | Q36: =Q32-Q35 -> 0 | R36: =R32-R35 -> 0 | S36: =S32-S35 -> 0 | T36: =T32-T35 -> 0 | U36: =U32-U35 -> 0 | V36: =V32-V35 -> 0 | W36: =W32-W35 -> 0 | ... EF36: =EF32-EF35 -> 0
B37: Build Costs | G37: Interest | H37: 0.025 | J37: =SUM(P34:EF34) -> 7140540.8
B38: Square foot | D38: =D27 -> 275000 | G38: Amortisation | H38: 30 | M38: Cash Flow after Investment Finance | N38: =N28-N34 -> 63626599 | P38: =P28+P31-P33 -> -26350000 | Q38: =Q28+Q31-Q33 -> 0 | R38: =R28+R31-R33 -> -150475.45 | S38: =S28+S31-S33 -> -363069.57 | T38: =T28+T31-T33 -> -784674.06 | U38: =U28+U31-U33 -> -1519034.4 | V38: =V28+V31-V33 -> -2634073.9 | W38: =W28+W31-W33 -> -4091410 | ... EF38: =EF28+EF31-EF33 -> 0
B39: Hard Build cost psf | C39: 200 | D39: =D38*C39 -> 55000000 | G39: Interest payment p/a | H39: =I36*H37 -> 1509975
B40: Soft Build Costs | C40: 0.1 | D40: =D39*C40 -> 5500000 | G40: Capital payment p/a | H40: =(-PMT(H37/12,H38*12,I36)*12)-H39 -> 1353813.9 | M40: Construction Finance
B41: Total Build Cost | E41: =SUM(D39:D40) -> 60500000 | G41: Stabilised NOI | H41: =I27-H39-H40 -> 3176111.1 | M41: Construction Draw Schedule | P41: =-SUM(P17:P18) -> 0 | Q41: =-SUM(Q17:Q18) -> 0 | R41: =-SUM(R17:R18) -> 150475.45 | S41: =-SUM(S17:S18) -> 363069.57 | T41: =-SUM(T17:T18) -> 784674.06 | U41: =-SUM(U17:U18) -> 1519034.4 | V41: =-SUM(V17:V18) -> 2634073.9 | W41: =-SUM(W17:W18) -> 4091410 | ... EF41: =-SUM(EF17:EF18) -> 0
G42: DSCR | H42: =(I27/SUM(H39:H40)) -> 2.1090591
B43: Construction Finance | M43: Equity Schedule
M44: Beginning Balance | P44: =E41-D47 -> 24200000 | Q44: =P46 -> 24200000 | R44: =Q46 -> 24200000 | S44: =R46 -> 24049525 | T44: =S46 -> 23686455 | U44: =T46 -> 22901781 | V44: =U46 -> 21382747 | W44: =V46 -> 18748673 | X44: =W46 -> 14657263 | ... EF44: =EE46 -> 0
B45: Loan To Cost | D45: 0.6 | G45: Disposal/Sale | M45: Equity Funded | P45: =MIN(P44,P41) -> 0 | Q45: =MIN(Q44,Q41) -> 0 | R45: =MIN(R44,R41) -> 150475.45 | S45: =MIN(S44,S41) -> 363069.57 | T45: =MIN(T44,T41) -> 784674.06 | U45: =MIN(U44,U41) -> 1519034.4 | V45: =MIN(V44,V41) -> 2634073.9 | W45: =MIN(W44,W41) -> 4091410 | ... EF45: =MIN(EF44,EF41) -> 0
B46: Interest | D46: 0.05 | M46: Remaining Balance | P46: =P44-P45 -> 24200000 | Q46: =Q44-Q45 -> 24200000 | R46: =R44-R45 -> 24049525 | S46: =S44-S45 -> 23686455 | T46: =T44-T45 -> 22901781 | U46: =U44-U45 -> 21382747 | V46: =V44-V45 -> 18748673 | W46: =W44-W45 -> 14657263 | ... EF46: =EF44-EF45 -> 0
B47: Loan Pre-Interest Reserve | D47: =D45*E41 -> 36300000 | G47: Sale Date | H47: =EDATE(D30,I31*12) -> 46631 | M47: Cumulative Balance | P47: =SUM($P$45:P45) -> 0 | Q47: =SUM($P$45:Q45) -> 0 | R47: =SUM($P$45:R45) -> 150475.45 | S47: =SUM($P$45:S45) -> 513545.02 | T47: =SUM($P$45:T45) -> 1298219.1 | U47: =SUM($P$45:U45) -> 2817253.5 | V47: =SUM($P$45:V45) -> 5451327.4 | W47: =SUM($P$45:W45) -> 9542737.5 | ... EF47: =SUM($P$45:EF45) -> 24200000
B48: Loan Post-Interest Reserve | D48: =MAX(P53:EF53) -> 37286479 | G48: Part V Sale | I48: =(H18="Sale on PC")*(J16*H20) -> 9220000
B49: Loan Cost | E49: =SUM(P54:EF54) -> 1138388.4 | G49: NOI p/a | H49: =I27 -> 6039900 | M49: Debt Schedule
G50: Net Yield to Dispose | H50: 0.05 | M50: Beginning Balance | P50: =D47 -> 36300000 | Q50: =P52 -> 36300000 | R50: =Q52 -> 36300000 | S50: =R52 -> 36300000 | T50: =S52 -> 36300000 | U50: =T52 -> 36300000 | V50: =U52 -> 36300000 | W50: =V52 -> 36300000 | X50: =W52 -> 36300000 | ... EF50: =EE52 -> 4.3946784e-09
G51: Sale price | I51: =H49/H50 -> 120798000 | M51: Debt Funded | P51: =MIN(P41-P45,P50) -> 0 | Q51: =MIN(Q41-Q45,Q50) -> 0 | R51: =MIN(R41-R45,R50) -> 0 | S51: =MIN(S41-S45,S50) -> 0 | T51: =MIN(T41-T45,T50) -> 0 | U51: =MIN(U41-U45,U50) -> 0 | V51: =MIN(V41-V45,V50) -> 0 | W51: =MIN(W41-W45,W50) -> 0 | ... EF51: =MIN(EF41-EF45,EF50) -> 0
G52: ="- sales costs" -> - sales costs | H52: 0.02 | I52: =(I51+I48)*H52 -> 2600360 | M52: Remaining Balance | P52: =P50-P51 -> 36300000 | Q52: =Q50-Q51 -> 36300000 | R52: =R50-R51 -> 36300000 | S52: =S50-S51 -> 36300000 | T52: =T50-T51 -> 36300000 | U52: =U50-U51 -> 36300000 | V52: =V50-V51 -> 36300000 | W52: =W50-W51 -> 36300000 | ... EF52: =EF50-EF51 -> 4.3946784e-09
G53: Net Sale | J53: =I48+I51-I52 -> 127417640 | M53: Cumulative Balance | P53: =MAX(SUM($P$51:P51)+SUM($O$54:O54)-SUM($P$57:P57),0) -> 0 | Q53: =MAX(SUM($P$51:Q51)+SUM($O$54:P54)-SUM($P$57:Q57),0) -> 0 | R53: =MAX(SUM($P$51:R51)+SUM($O$54:Q54)-SUM($P$57:R57),0) -> 0 | S53: =MAX(SUM($P$51:S51)+SUM($O$54:R54)-SUM($P$57:S57),0) -> 0 | T53: =MAX(SUM($P$51:T51)+SUM($O$54:S54)-SUM($P$57:T57),0) -> 0 | U53: =MAX(SUM($P$51:U51)+SUM($O$54:T54)-SUM($P$57:U57),0) -> 0 | V53: =MAX(SUM($P$51:V51)+SUM($O$54:U54)-SUM($P$57:V57),0) -> 0 | W53: =MAX(SUM($P$51:W51)+SUM($O$54:V54)-SUM($P$57:W57),0) -> 0 | ... EF53: =MAX(SUM($P$51:EF51)+SUM($O$54:EE54)-SUM($P$57:EF57),0) -> 0
M54: Capitalised Interest | N54: =SUM(P54:EF54) -> 1138388.4 | P54: =P53*((1+$D$46)^(1/12)-1) -> 0 | Q54: =Q53*((1+$D$46)^(1/12)-1) -> 0 | R54: =R53*((1+$D$46)^(1/12)-1) -> 0 | S54: =S53*((1+$D$46)^(1/12)-1) -> 0 | T54: =T53*((1+$D$46)^(1/12)-1) -> 0 | U54: =U53*((1+$D$46)^(1/12)-1) -> 0 | V54: =V53*((1+$D$46)^(1/12)-1) -> 0 | W54: =W53*((1+$D$46)^(1/12)-1) -> 0 | ... EF54: =EF53*((1+$D$46)^(1/12)-1) -> 0
B56: Total Project Cost | E56: =E25+E41+E49 -> 87988388 | G56: Total Project Income | J56: =J32-J37+J53 -> 1.504766e+08 | M56: Revenue | P56: =MAX(P38,0) -> 0 | Q56: =MAX(Q38,0) -> 0 | R56: =MAX(R38,0) -> 0 | S56: =MAX(S38,0) -> 0 | T56: =MAX(T38,0) -> 0 | U56: =MAX(U38,0) -> 0 | V56: =MAX(V38,0) -> 0 | W56: =MAX(W38,0) -> 0 | ... EF56: =MAX(EF38,0) -> 0
M57: Loan Payback | P57: =(P56>0)*MIN(P56,O53+O54) -> 0 | Q57: =(Q56>0)*MIN(Q56,P53+P54) -> 0 | R57: =(R56>0)*MIN(R56,Q53+Q54) -> 0 | S57: =(S56>0)*MIN(S56,R53+R54) -> 0 | T57: =(T56>0)*MIN(T56,S53+S54) -> 0 | U57: =(U56>0)*MIN(U56,T53+T54) -> 0 | V57: =(V56>0)*MIN(V56,U53+U54) -> 0 | W57: =(W56>0)*MIN(W56,V53+V54) -> 0 | ... EF57: =(EF56>0)*MIN(EF56,EE53+EE54) -> 0
E59: Results
E60: Profit | G60: =J56-E56 -> 62488211 | M60: Cash flow after finance | N60: =N38-N54 -> 62488211 | P60: =P38+P51-P57 -> -26350000 | Q60: =Q38+Q51-Q57 -> 0 | R60: =R38+R51-R57 -> -150475.45 | S60: =S38+S51-S57 -> -363069.57 | T60: =T38+T51-T57 -> -784674.06 | U60: =U38+U51-U57 -> -1519034.4 | V60: =V38+V51-V57 -> -2634073.9 | W60: =W38+W51-W57 -> -4091410 | ... EF60: =EF38+EF51-EF57 -> 0
E61: IRR | G61: =XIRR(P60:EF60,P10:EF10,0.1) -> 0.21904289
E62: Unlevered IRR | G62: =XIRR(P28:EF28,P10:EF10,0.1) -> 0.12300166 | M62: Cumulative cash flow | P62: =P60+O62 -> -26350000 | Q62: =Q60+P62 -> -26350000 | R62: =R60+Q62 -> -26500475 | S62: =S60+R62 -> -26863545 | T62: =T60+S62 -> -27648219 | U62: =U60+T62 -> -29167253 | V62: =V60+U62 -> -31801327 | W62: =W60+V62 -> -35892737 | ... EF62: =EF60+EE62 -> 62488211
E63: Required Equity | G63: =-MIN(P62:EF62) -> 50550000
E64: Equity Multiple | G64: =1+(G60/G63) -> 2.2361664

Sheet S-Curves
B2: High S-Curve Example
B3: Amount | C3: 1000000
B4: Months | C4: 10
B5: Mean | C5: =C4/2 -> 5
B6: Standard Deviation | C6: =C5/C7 -> 1.4285714
B7: Max Z | C7: 3.5
B9: Month | C9: Cumulative Amount | D9: Monthly Amount
B10: 1 | C10: =$C$3*(NORMDIST(B10,$C$5,$C$6,1)-NORMSDIST(-$C$7))/(NORMSDIST($C$7)-NORMSDIST(-$C$7)) -> 2323.5823 | D10: =$C$3*(NORMDIST(B10,$C$5,$C$6,1)-NORMSDIST(-$C$7))/(NORMSDIST($C$7)-NORMSDIST(-$C$7)) -> 2323.5823
B11: 2 | C11: =$C$3*(NORMDIST(B11,$C$5,$C$6,1)-NORMSDIST(-$C$7))/(NORMSDIST($C$7)-NORMSDIST(-$C$7)) -> 17639.999 | D11: =$C$3*(NORMDIST(B11,$C$5,$C$6,1)-NORMSDIST(-$C$7))/(NORMSDIST($C$7)-NORMSDIST(-$C$7))-SUM($D$10:D10) -> 15316.416
B12: 3 | C12: =$C$3*(NORMDIST(B12,$C$5,$C$6,1)-NORMSDIST(-$C$7))/(NORMSDIST($C$7)-NORMSDIST(-$C$7)) -> 80561.512 | D12: =$C$3*(NORMDIST(B12,$C$5,$C$6,1)-NORMSDIST(-$C$7))/(NORMSDIST($C$7)-NORMSDIST(-$C$7))-SUM($D$10:D11) -> 62921.513
B13: 4 | C13: =$C$3*(NORMDIST(B13,$C$5,$C$6,1)-NORMSDIST(-$C$7))/(NORMSDIST($C$7)-NORMSDIST(-$C$7)) -> 241843.54 | D13: =$C$3*(NORMDIST(B13,$C$5,$C$6,1)-NORMSDIST(-$C$7))/(NORMSDIST($C$7)-NORMSDIST(-$C$7))-SUM($D$10:D12) -> 161282.03
B14: 5 | C14: =$C$3*(NORMDIST(B14,$C$5,$C$6,1)-NORMSDIST(-$C$7))/(NORMSDIST($C$7)-NORMSDIST(-$C$7)) -> 500000 | D14: =$C$3*(NORMDIST(B14,$C$5,$C$6,1)-NORMSDIST(-$C$7))/(NORMSDIST($C$7)-NORMSDIST(-$C$7))-SUM($D$10:D13) -> 258156.46
B15: 6 | C15: =$C$3*(NORMDIST(B15,$C$5,$C$6,1)-NORMSDIST(-$C$7))/(NORMSDIST($C$7)-NORMSDIST(-$C$7)) -> 758156.46 | D15: =$C$3*(NORMDIST(B15,$C$5,$C$6,1)-NORMSDIST(-$C$7))/(NORMSDIST($C$7)-NORMSDIST(-$C$7))-SUM($D$10:D14) -> 258156.46
B16: 7 | C16: =$C$3*(NORMDIST(B16,$C$5,$C$6,1)-NORMSDIST(-$C$7))/(NORMSDIST($C$7)-NORMSDIST(-$C$7)) -> 919438.49 | D16: =$C$3*(NORMDIST(B16,$C$5,$C$6,1)-NORMSDIST(-$C$7))/(NORMSDIST($C$7)-NORMSDIST(-$C$7))-SUM($D$10:D15) -> 161282.03
B17: 8 | C17: =$C$3*(NORMDIST(B17,$C$5,$C$6,1)-NORMSDIST(-$C$7))/(NORMSDIST($C$7)-NORMSDIST(-$C$7)) -> 982360 | D17: =$C$3*(NORMDIST(B17,$C$5,$C$6,1)-NORMSDIST(-$C$7))/(NORMSDIST($C$7)-NORMSDIST(-$C$7))-SUM($D$10:D16) -> 62921.513
B18: 9 | C18: =$C$3*(NORMDIST(B18,$C$5,$C$6,1)-NORMSDIST(-$C$7))/(NORMSDIST($C$7)-NORMSDIST(-$C$7)) -> 997676.42 | D18: =$C$3*(NORMDIST(B18,$C$5,$C$6,1)-NORMSDIST(-$C$7))/(NORMSDIST($C$7)-NORMSDIST(-$C$7))-SUM($D$10:D17) -> 15316.416
B19: 10 | C19: =$C$3*(NORMDIST(B19,$C$5,$C$6,1)-NORMSDIST(-$C$7))/(NORMSDIST($C$7)-NORMSDIST(-$C$7)) -> 1000000 | D19: =$C$3*(NORMDIST(B19,$C$5,$C$6,1)-NORMSDIST(-$C$7))/(NORMSDIST($C$7)-NORMSDIST(-$C$7))-SUM($D$10:D18) -> 2323.5823
B22: Medium S-Curve Example
B23: Amount | C23: 1000000
B24: Months | C24: 10
B25: Mean | C25: =C24/2 -> 5
B26: Standard Deviation | C26: =C25/C27 -> 2.5
B27: Max Z | C27: 2
B29: Month | C29: Cumulative Amount | D29: Monthly Amount
B30: 1 | C30: =$C$23*(NORMDIST(B30,$C$25,$C$26,1)-NORMSDIST(-$C$27))/(NORMSDIST($C$27)-NORMSDIST(-$C$27)) -> 33576.918 | D30: =$C$23*(NORMDIST(B30,$C$25,$C$26,1)-NORMSDIST(-$C$27))/(NORMSDIST($C$27)-NORMSDIST(-$C$27)) -> 33576.918
B31: 2 | C31: =$C$23*(NORMDIST(B31,$C$25,$C$26,1)-NORMSDIST(-$C$27))/(NORMSDIST($C$27)-NORMSDIST(-$C$27)) -> 96720.339 | D31: =$C$23*(NORMDIST(B31,$C$25,$C$26,1)-NORMSDIST(-$C$27))/(NORMSDIST($C$27)-NORMSDIST(-$C$27))-SUM($D$30:D30) -> 63143.421
B32: 3 | C32: =$C$23*(NORMDIST(B32,$C$25,$C$26,1)-NORMSDIST(-$C$27))/(NORMSDIST($C$27)-NORMSDIST(-$C$27)) -> 198119.77 | D32: =$C$23*(NORMDIST(B32,$C$25,$C$26,1)-NORMSDIST(-$C$27))/(NORMSDIST($C$27)-NORMSDIST(-$C$27))-SUM($D$30:D31) -> 101399.43
B33: 4 | C33: =$C$23*(NORMDIST(B33,$C$25,$C$26,1)-NORMSDIST(-$C$27))/(NORMSDIST($C$27)-NORMSDIST(-$C$27)) -> 337169.42 | D33: =$C$23*(NORMDIST(B33,$C$25,$C$26,1)-NORMSDIST(-$C$27))/(NORMSDIST($C$27)-NORMSDIST(-$C$27))-SUM($D$30:D32) -> 139049.66
B34: 5 | C34: =$C$23*(NORMDIST(B34,$C$25,$C$26,1)-NORMSDIST(-$C$27))/(NORMSDIST($C$27)-NORMSDIST(-$C$27)) -> 500000 | D34: =$C$23*(NORMDIST(B34,$C$25,$C$26,1)-NORMSDIST(-$C$27))/(NORMSDIST($C$27)-NORMSDIST(-$C$27))-SUM($D$30:D33) -> 162830.58
B35: 6 | C35: =$C$23*(NORMDIST(B35,$C$25,$C$26,1)-NORMSDIST(-$C$27))/(NORMSDIST($C$27)-NORMSDIST(-$C$27)) -> 662830.58 | D35: =$C$23*(NORMDIST(B35,$C$25,$C$26,1)-NORMSDIST(-$C$27))/(NORMSDIST($C$27)-NORMSDIST(-$C$27))-SUM($D$30:D34) -> 162830.58
B36: 7 | C36: =$C$23*(NORMDIST(B36,$C$25,$C$26,1)-NORMSDIST(-$C$27))/(NORMSDIST($C$27)-NORMSDIST(-$C$27)) -> 801880.23 | D36: =$C$23*(NORMDIST(B36,$C$25,$C$26,1)-NORMSDIST(-$C$27))/(NORMSDIST($C$27)-NORMSDIST(-$C$27))-SUM($D$30:D35) -> 139049.66
B37: 8 | C37: =$C$23*(NORMDIST(B37,$C$25,$C$26,1)-NORMSDIST(-$C$27))/(NORMSDIST($C$27)-NORMSDIST(-$C$27)) -> 903279.66 | D37: =$C$23*(NORMDIST(B37,$C$25,$C$26,1)-NORMSDIST(-$C$27))/(NORMSDIST($C$27)-NORMSDIST(-$C$27))-SUM($D$30:D36) -> 101399.43
B38: 9 | C38: =$C$23*(NORMDIST(B38,$C$25,$C$26,1)-NORMSDIST(-$C$27))/(NORMSDIST($C$27)-NORMSDIST(-$C$27)) -> 966423.08 | D38: =$C$23*(NORMDIST(B38,$C$25,$C$26,1)-NORMSDIST(-$C$27))/(NORMSDIST($C$27)-NORMSDIST(-$C$27))-SUM($D$30:D37) -> 63143.421
B39: 10 | C39: =$C$23*(NORMDIST(B39,$C$25,$C$26,1)-NORMSDIST(-$C$27))/(NORMSDIST($C$27)-NORMSDIST(-$C$27)) -> 1000000 | D39: =$C$23*(NORMDIST(B39,$C$25,$C$26,1)-NORMSDIST(-$C$27))/(NORMSDIST($C$27)-NORMSDIST(-$C$27))-SUM($D$30:D38) -> 33576.918
B42: Flat (Straight Line)
B43: Amount | C43: 1000000
B44: Months | C44: 10
B45: Mean
B46: Standard Deviation
B47: Max Z
B49: Month | C49: Cumulative Amount | D49: Monthly Amount
B50: 1 | C50: =D50 -> 100000 | D50: =$C$43/$C$44 -> 100000
B51: 2 | C51: =C50+D51 -> 200000 | D51: =$C$43/$C$44 -> 100000
B52: 3 | C52: =C51+D52 -> 300000 | D52: =$C$43/$C$44 -> 100000
B53: 4 | C53: =C52+D53 -> 400000 | D53: =$C$43/$C$44 -> 100000
B54: 5 | C54: =C53+D54 -> 500000 | D54: =$C$43/$C$44 -> 100000
B55: 6 | C55: =C54+D55 -> 600000 | D55: =$C$43/$C$44 -> 100000
B56: 7 | C56: =C55+D56 -> 700000 | D56: =$C$43/$C$44 -> 100000
B57: 8 | C57: =C56+D57 -> 800000 | D57: =$C$43/$C$44 -> 100000
B58: 9 | C58: =C57+D58 -> 900000 | D58: =$C$43/$C$44 -> 100000
B59: 10 | C59: =C58+D59 -> 1000000 | D59: =$C$43/$C$44 -> 100000
